 Dungeon Crawl Stone Soup version 0.24.0-37-gcf1ca852f1 (webtiles) character file.

Game seed: 11482581550761815572, levelgen mode: deterministic

8355 grindst0ne the Cleaver (level 10, -1/90 HPs)
             Began as a Demigod Earth Elementalist on Dec 6, 2019.
             Slain by a hornet (6 damage)
             ... while paralysed by a hornet
             ... on level 9 of the Dungeon.
             The game lasted 00:30:36 (9723 turns).

grindst0ne the Cleaver (Demigod Earth Elementalist) Turns: 9723, Time: 00:30:37

Health: -1/90      AC:  8    Str: 11    XL:     10   Next: 82%
Magic:  19/19      EV:  2    Int: 25    God:
Gold:   445        SH:  0    Dex: 16    Spells: 2/16 levels left

rFire    . . .     SeeInvis .   a - +8 mithril axe "Arga" {speed, MR+}
rCold    + . .     Gourm    +   (no shield)
rNeg     . . .     Faith    .   P - +2 robe {rC+}
rPois    .         Spirit   .   T - +0 helmet
rElec    .         Reflect  .   s - +1 cloak {+Inv}
rCorr    .         Harm     .   (no gloves)
MR       ++...                  L - +0 pair of boots
Stlth    ++........             i - amulet of the gourmand
HPRegen  0.25/turn              h - +3 ring of slaying
MPRegen  0.16/turn              A - ring of wizardry

@: paralysed, slowed
A: high mp 1
a: Evoke Invisibility


You were on level 9 of the Dungeon.
You were very full.

You visited 1 branch of the dungeon, and saw 9 of its levels.

You collected 445 gold pieces.

Inventory:

Hand Weapons
 a - the +8 mithril axe "Arga" (weapon) {speed, MR+}
   (You found it on level 4 of the Dungeon)

   Attacks with this weapon are significantly faster.
   It affects your resistance to hostile enchantments.
 b - the +8 fustibalus of the New World {speed, *Slow rF++ Int+2}
   (You found it on level 4 of the Dungeon)

   Attacks with this weapon are significantly faster.
   It affects your intelligence (+2).
   It greatly protects you from fire.
   It may slow you when you take damage.
 G - a +4 scimitar of flaming
Missiles
 e - 30 sling bullets
 B - 3 javelins
 H - 132 stones (quivered)
Armour
 f - a +0 chain mail
 s - a +1 cloak of invisibility (worn)
 L - a +0 pair of boots (worn)
 P - a +2 robe of cold resistance (worn)
 T - a +0 helmet (worn)
Magical Staves
 x - an uncursed staff of air
Jewellery
 h - a +3 ring of slaying (left hand)
 i - an amulet of the gourmand (around neck)
 j - an uncursed ring of positive energy
 t - an uncursed ring of stealth
 y - an uncursed ring of fire
 A - a ring of wizardry (right hand)
 O - a +3 ring of intelligence
Wands
 c - a wand of enslavement (5)
 v - a wand of digging (4)
 I - a wand of scattershot (6)
 J - a wand of disintegration (21)
Scrolls
 l - 3 scrolls of enchant weapon
 n - 3 scrolls of fog
 o - 2 scrolls of immolation
 p - 2 scrolls of magic mapping
 r - 2 scrolls of enchant armour
 u - a scroll of vulnerability {unknown}
 w - 4 scrolls of remove curse
 E - a scroll of noise {unknown}
 M - a scroll of fear {unknown}
 N - a scroll of brand weapon {unknown}
 U - 2 scrolls of teleportation
Potions
 g - 2 potions of curing
 k - 3 potions of haste
 m - 2 potions of invisibility
 q - 2 potions of flight
 z - a potion of berserk rage {unknown}
 C - a potion of heal wounds
 K - a potion of might {unknown}
 Q - a potion of magic {unknown}
 R - 2 potions of mutation {unknown}
Miscellaneous
 D - a lightning rod (4/4)
 F - a crystal ball of energy
Comestibles
 d - 23 rations


   Skills:
 + Level 8.7 Fighting
 * Level 10.9 Axes
 - Level 1.7 Dodging
 - Level 1.7 Stealth
 - Level 3.7 Spellcasting
 - Level 4.1 Translocations
   Level 0.8 Transmutations
 - Level 5.1 Earth Magic


You had 2 spell levels left.
You knew the following spells:

 Your Spells              Type           Power        Failure   Level  Hunger
a - Sandblast             Erth           ####..       1%          1    None
b - Stone Arrow           Conj/Erth      ###...       4%          3    ##.....
c - Lee's Rapid Deconstr  Erth           ####......   12%         5    ######.
d - Blink                 Tloc           N/A          1%          2    #......
e - Conjure Flame         Conj/Fire      #.......     12%         3    ##.....

Your spell library contained the following spells:

 Spells                   Type           Power        Failure   Level  Hunger
 Passwall                 Tmut/Erth      ###.....     1%          2    #......
 Magic Dart               Conj           #...         4%          1    None
 Call Imp                 Summ           #.......     6%          2    #......
 Slow                     Hex            #.......     6%          2    #......
 Petrify                  Tmut/Erth      ###.....     11%         4    ####...
 Mephitic Cloud           Conj/Pois/Air  #.......     12%         3    ##.....


Dungeon Overview and Level Annotations

Branches:
Dungeon (9/15)             Temple (0/1) D:4
   Lair: D:8-11         Orc: D:9-12

Shops:
D:5 (   D:8 }

Annotations:
D:8 4 transporters, exclusion: downstairs, coffeespoons's ghost, novice TrMo


Innate Abilities, Weirdness & Mutations

You have an increased reservoir of magic. (+10% MP)


Message History

You feel as though you will be slow longer.
You can move again.
Unknown command.
You feel better. The hornet stings you!
* * * LOW HITPOINT WARNING * * *
You are poisoned.
You shrug off the repeated paralysis!
The hornet misses you.
You hit the hornet but do no damage.
The hornet is almost dead.
You feel sick. The hornet stings you!
* * * LOW HITPOINT WARNING * * *
You feel as though you will be slow longer.
The hornet misses you.
You feel better.
The hornet stings you but does no damage.
The hornet stings you!
* * * LOW HITPOINT WARNING * * *
You suddenly lose the ability to move!
The hornet stings you.
You die...

.####.####..# #..# ##
#...#...######..#
##### #...#.#...##<.#
....# #..#(........##
..#.###.............
#....##......########
###...##.....#.#(#.#
##..##.#...##(#.#
####..##.#.....#@#
.......#.#...##.#y#
######.....†.######
.................###
##########..#......#
####....####?..
#.......#####
#...........#
#...........#


You could see a hornet.

Vanquished Creatures
  Harold (D:7)
  Erica (D:8)
  3 two-headed ogres
  Pikel (D:8)
  A troll (D:9)
  2 hornets (D:9)
  A wraith (D:8)
  Eustachio (D:5)
  A soldier ant (D:9)
  Duvessa (D:7)
  2 ice beasts
  4 orc warriors
  A slave (D:8)
  An eye of draining (D:9)
  3 sky beasts
  2 ogres (D:4)
  2 centaurs
  A big kobold (D:3)
  3 bullfrogs
  Dowan (D:7)
  4 scorpions
  7 wights
  6 howler monkeys
  2 crimson imps
  A quasit (D:8)
  4 orc priests
  4 hounds
  A jelly (D:5)
  Crazy Yiuf (D:2)
  A centaur skeleton (D:7)
  2 bullfrog skeletons
  6 orc wizards
  3 iguanas
  7 worker ants
  A killer bee zombie (D:8)
  2 hound skeletons
  3 gnolls (D:5)
  13 adders
  A shadow imp (D:6)
  3 adder skeletons
  3 worms
  3 dart slugs
  10 leopard geckos
  30 orcs
  2 ball pythons
  12 bats
  7 giant cockroaches
  10 goblins
  9 hobgoblins
  13 jackals
  3 quokkas
  A frilled lizard (D:1)
  22 kobolds
  A leopard gecko skeleton (D:6)
  A leopard gecko zombie (D:8)
  2 quokka skeletons
  9 rats
243 creatures vanquished.

Vanquished Creatures (others)
  A big kobold (D:7)
  A kobold (D:7)
2 creatures vanquished.

Grand Total: 245 creatures vanquished

Notes
Turn   | Place    | Note
-------+----------+-------------------------------------------
     0 | D:1      | grindst0ne the Demigod Earth Elementalist began the quest
                  | for the Orb.
     0 | D:1      | Reached XP level 1. HP: 14/14 MP: 5/5
   180 | D:1      | Reached XP level 2. HP: 22/22 MP: 2/7
   285 | D:1      | Reached skill level 1 in Fighting
   631 | D:1      | Reached XP level 3. HP: 28/28 MP: 1/9
  1154 | D:2      | Reached XP level 4. HP: 31/36 MP: 7/10
  1229 | D:2      | Learned a level 3 spell: Stone Arrow
  1387 | D:2      | Found a runed translucent door.
  1388 | D:2      | Noticed Crazy Yiuf
  1402 | D:2      | Killed Crazy Yiuf
  1570 | D:3      | Reached XP level 5. HP: 20/42 MP: 7/12
  2450 | D:3      | Found a faded altar of an unknown god.
  3089 | D:4      | Noticed an ogre
  3111 | D:4      | Killed an ogre
  3111 | D:4      | Reached XP level 6. HP: 34/51 MP: 0/14
  3355 | D:4      | Found the +8 mithril axe "Arga" {speed, MR+}
  3556 | D:4      | Found a staircase to the Ecumenical Temple.
  3629 | D:4      | Got a scorched fustibalus
  3630 | D:4      | Identified the +8 fustibalus of the New World {speed, *Slow
                  | rF++ Int+2} (You found it on level 4 of the Dungeon)
  3637 | D:4      | Learned a level 5 spell: Lee's Rapid Deconstruction
  3712 | D:4      | Reached skill level 1 in Axes
  3933 | D:4      | Reached XP level 7. HP: 47/58 MP: 12/15
  4126 | D:5      | Entered Level 5 of the Dungeon
  4130 | D:5      | Reached skill level 2 in Axes
  4220 | D:5      | Found an iron altar of Okawaru.
  4450 | D:5      | Noticed Eustachio
  4474 | D:5      | Killed Eustachio
  4474 | D:5      | Reached skill level 3 in Axes
  4474 | D:5      | Reached skill level 5 in Earth Magic
  4512 | D:5      | Found Hathruasi's Weapon Shoppe.
  4934 | D:6      | Reached skill level 4 in Axes
  5054 | D:6      | Reached XP level 8. HP: 47/67 MP: 7/17
  5199 | D:6      | Found a large runed translucent door.
  5215 | D:6      | Reached skill level 5 in Fighting
  5252 | D:6      | Reached skill level 5 in Axes
  5457 | D:6      | Found a large runed translucent door.
  5468 | D:6      | Learned a level 2 spell: Blink
  5472 | D:6      | Learned a level 3 spell: Conjure Flame
  5500 | D:6      | Noticed a two-headed ogre
  5675 | D:6      | Found a large runed translucent door.
  5676 | D:6      | Found a large runed translucent door.
  5811 | D:6      | Killed a two-headed ogre
  5811 | D:6      | Reached skill level 6 in Axes
  6485 | D:6      | Reached XP level 9. HP: 65/75 MP: 18/18
  6546 | D:7      | Noticed Duvessa
  6546 | D:7      | Noticed Dowan
  6551 | D:7      | Killed Duvessa
  6551 | D:7      | Reached skill level 7 in Axes
  6557 | D:7      | Killed Dowan
  6857 | D:7      | Noticed Harold
  6890 | D:7      | Killed Harold
  6890 | D:7      | Reached skill level 8 in Axes
  7011 | D:7      | Found an opulent altar of Gozag.
  7250 | D:8      | Noticed a two-headed ogre
  7258 | D:8      | Killed a two-headed ogre
  7417 | D:8      | Found Qegymmim's Gadget Emporium.
  7447 | D:8      | Reached skill level 9 in Axes
  7447 | D:8      | Reached XP level 10. HP: 86/86 MP: 19/19
  7576 | D:8      | Found a transporter.
  7578 | D:8      | Found a transporter.
  7589 | D:8      | Noticed a two-headed ogre
  7596 | D:8      | Killed a two-headed ogre
  7797 | D:8      | Noticed Erica
  7818 | D:8      | Killed Erica
  7818 | D:8      | Reached skill level 10 in Axes
  8397 | D:8      | Noticed coffeespoons's ghost (novice TrMo)
  8415 | D:8      | Noticed Pikel
  8440 | D:8      | Killed Pikel
  8542 | D:8      | Found a transporter.
  8546 | D:8      | Found a transporter.
  9717 | D:9      | Paralysed by a hornet for 3 turns
  9722 | D:9      | Paralysed by a hornet for 3 turns
  9723 | D:9      | Slain by a hornet

Levels and vault maps discovered:
D:1:      wander_arrival_chamber, layout_loops_cross, minmay_pentomino_o2
D:2:      layout_rooms, minmay_tall_x, uniq_crazy_yiuf_cottage
D:3:      cheibrodos_thug_alley, layout_loops_ring,
          chequers_ecumenical_altar_simple_redux, first_ration
D:4:      minmay_razor_zed, layout_basic, temple_hall
D:5:      layout_cave_pods, okawaru_metal_pillars_3, serial_shops, shop,
          uniq_eustachio
D:6:      layout_loops_cross, minmay_hollow_rounded_squares
D:7:      layout_rooms, basic_altar, uniq_harold, uniq_duvessa
D:8:      gammafunk_jiyva_shrine, layout_basic, serial_shops, shop,
          gammafunk_ghost_hive, uniq_pikel, uniq_erica
D:9:      layout_rooms, hangedman_pestilent_swarm, kennysheep_generic_room_2

Skill      XL: |  1  2  3  4  5  6  7  8  9 10 |
---------------+-------------------------------+-----
Spellcasting   | 2 3 |  3.7
Earth Magic    | 3 4 5 |  5.1
Fighting       | 1 2 3 4 6 7 8 |  8.7
Axes           | 1 4 6 9 10 | 10.9
Translocations | 2 4 |  4.1
Dodging        | |  1.7
Stealth        | |  1.7
Transmutations | |  0.8

Action                   |  1- 3 |  4- 6 |  7- 9 | 10-12 || total
-------------------------+-------+-------+-------+-------++-------
Melee: Unarmed           |     4 |       |       |       ||     4
       Short sword       |     3 |       |       |       ||     3
       Quarterstaff      |       |     1 |       |       ||     1
       Broad axe         |       |    10 |    55 |    90 ||   155
 Fire: Fustibalus        |       |     5 |   113 |   109 ||   227
 Cast: Sandblast         |    58 |    84 |    40 |       ||   182
       Stone Arrow       |       |     6 |     9 |       ||    15
  Use: Potion            |       |     2 |     2 |     2 ||     6
       Scroll            |       |     4 |     7 |     6 ||    17
 Stab: Sleeping          |     1 |     1 |     1 |     1 ||     4
       Distracted        |       |       |       |     1 ||     1
  Eat: Chunk             |     1 |    18 |    13 |     6 ||    38
Armor: Robe              |     6 |     7 |    24 |    18 ||    55
       Skin              |       |       |     2 |       ||     2
Dodge: Dodged            |    17 |    16 |    46 |    66 ||   145
